 Dungeon Crawl Stone Soup version 0.29.1-12-g30fa7ad0bf (webtiles) character file.

Game seed: 6515732826227645449

32 Radix the Cudgeller (level 3, 0/23 HPs)
             Began as a Gargoyle Cinder Acolyte on Dec 17, 2022.
             Was a High Priest of Ignis.
             Slain by a worm (10 damage)
             ... on level 2 of the Dungeon.
             The game lasted 00:06:56 (1601 turns).

Radix the Cudgeller (Gargoyle Cinder Acolyte)       Turns: 1601, Time: 00:06:57

Health: 0/23       AC:  5    Str: 17    XL:     3   Next: 25%
Magic:  5/5        EV: 11    Int: 16    God:    Ignis [*****.]
Gold:   111        SH:  0    Dex:  5    Spells: 5/5 levels left

rFire   + . .      SeeInvis .   a - -1 mace (flame)
rCold   . . .      Faith    .   (no shield)
rNeg    + . .      Spirit   .   b - +0 robe
rPois   ∞          Reflect  .   (no helmet)
rElec   +          Harm     .   (no cloak)
rCorr   .          Rampage  .   (no gloves)
Will    .....                   (no boots)
Stlth   +.........              (no amulet)
HPRegen 0.07/turn               (no ring)
MPRegen 0.09/turn               (no ring)

@: no status effects
A: sickness immunity, AC +3, negative energy resistance 1, electricity
resistance, torment resistance 1, petrification resistance
a: Renounce Religion, Fiery Armour, Foxfire Swarm, Rising Flame


You were on level 2 of the Dungeon.
You worshipped Ignis.
Ignis was extremely pleased with you.
You visited 1 branch of the dungeon, and saw 2 of its levels.

You collected 111 gold pieces.

Inventory:

Hand Weapons
 a - a -1 mace of flaming (weapon)
Missiles
 i - 2 poisoned darts (quivered)
Armour
 b - a +0 robe (worn)
Scrolls
 c - 2 scrolls of identify {unknown}
 e - a scroll of magic mapping {unknown}
 f - a scroll of immolation {unknown}
Potions
 d - a potion of degeneration {unknown}
 g - a potion of resistance {unknown}
 h - 2 potions of attraction {unknown}


   Skills:
 - Level 3.2 Fighting
 + Level 3.4 Maces & Flails
 + Level 1.8 Spellcasting
 + Level 3.4 Fire Magic


You had 5 spell levels left.
You didn't know any spells.
Your spell library contained the following spells:

 Spells                   Type           Power      Damage    Failure   Level
 Scorch                   Fire           24%        2d6       8%          2


Dungeon Overview and Level Annotations

Branches:
Dungeon (2/15)

Altars:


Innate Abilities, Weirdness & Mutations

You are immune to sickness and miasma.
Your stone body is resilient. (AC +3)
You are immune to poison.
You resist negative energy. (rN+)
You are resistant to electric shocks. (rElec)
You are resistant to unholy torment.
You are immune to petrification.


Message History

You hit the rat. You burn the rat.
You kill the rat!
You see here 4 poisoned darts.
i - 4 poisoned darts A worm comes into view.
Throw: 4 darts (poison)
Press: ? - help, Q - select action Shift-Dir - straight line, f - worm
Aim: a worm (73% to hit)
You throw a poisoned dart. The poisoned dart hits the worm.
Throw: 3 darts (poison)
Press: ? - help, Q - select action Shift-Dir - straight line, f/p - worm
Aim: a worm (73% to hit)
You throw a poisoned dart. The poisoned dart hits the worm.
Found 9 gold pieces.
You hit the worm. You burn the worm.
The worm is lightly wounded.
The worm barely misses you.
You hit the worm but do no damage.
The worm is lightly wounded.
The worm bites you.
You sock the worm! You burn the worm.
The worm is severely wounded.
The worm bites you.
You barely miss the worm.
The worm is heavily wounded.
You barely miss the worm.
The worm is heavily wounded.
The worm bites you.
You barely miss the worm.
The worm is heavily wounded.
The worm misses you.
You hit the worm but do no damage.
The worm is heavily wounded.
You barely miss the worm.
The worm is heavily wounded.
The worm bites you but does no damage.
You hit the worm. You burn the worm.
The worm is heavily wounded.
The worm bites you!
You die...

####†#.#.
#........
#.##.#.##
#.##.#.#
##########.##.#.#
#..........##.#.#
#.#####.......#.#
#.# #.#######.#
#@# #.# #.# #w#
#.# #.# #(# #.#
#.# #.# #.# #.#
#.# #.# #.. ..$


You could see a worm.

Vanquished Creatures
  3 giant cockroaches
  3 hobgoblins (D:1)
  2 quokkas (D:1)
  A ball python (D:1)
  3 bats
  3 frilled lizards (D:1)
  6 goblins
  4 kobolds
  7 rats
32 creatures vanquished.

Notes
Turn   | Place    | Note
-------+----------+-------------------------------------------
     0 | D:1      | Radix the Gargoyle Cinder Acolyte began the quest for the
                  | Orb.
     0 | D:1      | Reached XP level 1. HP: 14/14 MP: 2/2
    99 | D:1      | Found a faded altar of an unknown god.
   280 | D:1      | Reached XP level 2. HP: 18/19 MP: 3/3
  1229 | D:1      | Reached XP level 3. HP: 22/23 MP: 5/5
  1601 | D:2      | Slain by a worm

Illustrated notes

Levels and vault maps discovered:
D:1:      tarquinn_simple_flora_water_b, layout_loops_ring,
          chequers_ecumenical_altar_simple_redux, item_on_display_b
D:2:      layout_loops_ring, serial_shops, nicolae_shop_trees,
          skrybe_limestone_x, minmay_door_square

Action                   || total
-------------------------++-------
Melee: Mace              ||   104
       Punch             ||     1
Throw: Dart              ||     2
Armor: Robe              ||    42
Dodge: Dodged            ||    59
